 Dungeon Crawl Stone Soup version 0.22-a0-293-gc9362ec (webtiles) character file.

46 matakusis the Caller (level 3, 0/19 HPs)
             Began as a Deep Elf Summoner on Mar 24, 2018.
             Slain by Sigmund
             ... wielding a +2 scythe of protection
              (2 damage)
             ... on level 2 of the Dungeon.
             The game lasted 00:08:48 (1623 turns).

matakusis the Caller (Deep Elf Summoner)            Turns: 1623, Time: 00:08:49

Health: 0/19       AC:  3    Str:  5    XL:     3   Next: 44%
Magic:  0/10       EV: 13    Int: 25    God:
Gold:   107        SH:  0    Dex: 15    Spells: 6/9 levels left

rFire    . . .     SeeInvis .   (no weapon)
rCold    . . .     Gourm    .   (no shield)
rNeg     . . .     Faith    .   a - +0 robe
rPois    .         Spirit   +   (no helmet)
rElec    .         Reflect  .   (no cloak)
rCorr    .         Harm     .   k - +0 pair of gloves
MR       .....     Clarity  +   (no boots)
Stlth    ++........             h - amulet of guardian spirit
HPRegen  0.06/turn              (no ring)
MPRegen  0.12/turn              (no ring)

@: brilliant
A: clarity, wild magic 1
a: no special abilities


You were on level 2 of the Dungeon.
You were very hungry.

You visited 1 branch of the dungeon, and saw 2 of its levels.

You collected 107 gold pieces.

Inventory:

Missiles
 e - 22 arrows
Armour
 a - a +0 robe (worn)
 k - a +0 pair of gloves (worn)
Jewellery
 h - an amulet of guardian spirit (around neck)
 i - an uncursed amulet of rage
Scrolls
 f - a scroll of remove curse
 j - a scroll of fog {unknown}
 l - 2 scrolls of identify {unknown}
 p - a scroll of blinking {unknown}
 r - a scroll of magic mapping {unknown}
Potions
 b - a potion of resistance {unknown}
 g - 2 potions of mutation
 n - a potion of curing {unknown}
 q - a potion of heal wounds {unknown}
Comestibles
 c - 3 rations


   Skills:
 - Level 2.4 Dodging
 - Level 2.4 Stealth
 + Level 3.6 Spellcasting
 * Level 5.5 Summonings


You had 6 spell levels left.
You knew the following spells:

 Your Spells              Type           Power        Failure   Level  Hunger
a - Summon Small Mammal   Summ           ####         1%          1    None
b - Call Imp              Summ           ######..     1%          2    #......


Dungeon Overview and Level Annotations

Branches:
Dungeon (2/15)

Altars:

Annotations:
D:2 Sigmund


Innate Abilities, Weirdness & Mutations

You possess an exceptional clarity of mind.
Your spells are a little harder to cast, but a little more powerful.


Message History

You hear some strange, mumbled words.
Your white imp resists with significant effort.
Unknown command.
As you read the scroll labeled WITWAELU XEASTRI, it crumbles to dust.
You feel blessed for a moment.
It was a scroll of remove curse.
What are your orders? t - Shout!
Orders for allies: a - Attack new target. r - Retreat! s - Stop attacking. g - Guard the area. f - Follow me.
Anything else - Cancel.
Okay, then.
It was a potion of mutation.
You feel extremely strange.
You feel less in control of your magic.
Your thoughts seem clearer.
A magic dart appears from out of thin air!
The magic dart hits your white imp.
Your shadow imp misses something.
It was a potion of brilliance.
You feel clever all of a sudden. Something hits you.
You die...

#..##g...## #..
#########.###5#### ##.
#............5# #.
#...........##############.
#.........g## #.........#.
#........55# #.........#.
#..........# #...........
#.........5# #..........#
#.......[.@# #...........
#..........# #.........##
############ #...<.....##
#####...### ###.### ###...#
#...### #.### #.#


You could see a hobgoblin, a friendly white imp and 2 friendly shadow imps.

Vanquished Creatures
  A hobgoblin (D:1)
1 creature vanquished.

Vanquished Creatures (collateral kills)
  2 adders (D:2)
  3 worms (D:2)
  3 dart slugs
  A leopard gecko (D:2)
  5 bats
  2 giant cockroaches
  2 hobgoblins (D:2)
  3 jackals (D:2)
  3 frilled lizards
  6 goblins
  8 kobolds
  4 rats
42 creatures vanquished.

Grand Total: 43 creatures vanquished

Notes
Turn   | Place    | Note
-------+----------+-------------------------------------------
     0 | D:1      | matakusis the Deep Elf Summoner began the quest for the Orb.
     0 | D:1      | Reached XP level 1. HP: 10/10 MP: 6/6
   348 | D:1      | Reached XP level 2. HP: 15/15 MP: 5/8
   352 | D:1      | Learned a level 2 spell: Call Imp
   593 | D:1      | Reached skill level 5 in Summonings
  1005 | D:2      | Reached XP level 3. HP: 18/19 MP: 5/9
  1142 | D:2      | Noticed Sigmund
  1622 | D:2      | Gained mutation: Your spells are a little harder to cast, but a little more powerful. [potion of mutation]
  1622 | D:2      | Gained mutation: You possess an exceptional clarity of mind. [potion of mutation]
  1623 | D:2      | Slain by Sigmund

Vault maps used:
D:1:      dpeg_arrival_boxes_within_box
D:2:      uniq_sigmund

Skill      XL: |  1  2 |
---------------+-------+-----
Summonings     | 5 |  5.5
Dodging        | |  2.4
Stealth        | |  2.4
Spellcasting   | |  3.6

Action                   || total
-------------------------++-------
Melee: Unarmed           ||    10
 Cast: Summon Small Mamm ||    73
       Call Imp          ||     9
  Use: Scroll            ||     2
       Potion            ||     2
  Eat: Chunk             ||     1
Armor: Robe              ||    11
Dodge: Dodged            ||    30

Table legend:
 A = Spawn XP
 B = Non-spawn XP
 C = Spawn XP percentage of total XP
 D = Spawn monster count
 E = Non-spawn monster count
 F = Spawn count percentage of total count
 G = Total turns spent on level
                    A         B        C        D         E        F      G
               +---------+---------+-------+---------+---------+-------+---------
         Total |       0 |      66 |   0.0 |       0 |      43 |   0.0 |  1623
               +---------+---------+-------+---------+---------+-------+---------
           D:1 |       0 |      21 |   0.0 |       0 |      19 |   0.0 |   899
           D:2 |       0 |      45 |   0.0 |       0 |      24 |   0.0 |   724
               +---------+---------+-------+---------+---------+-------+---------
